 Dungeon Crawl Stone Soup version 0.21-a0-33-g8b44e26 (console) character file.

375 yesno the Poker (level 7, -4/52 HPs)
             Began as a Human Monk on May 24, 2017.
             Was a Believer of Qazlal.
             Slain by an ogre
             ... wielding a +0 giant club
              (13 damage)
             ... on level 5 of the Dungeon on May 27, 2017.
             The game lasted 00:16:48 (3740 turns).

yesno the Poker (Human Monk)                        Turns: 3740, Time: 00:16:49

Health: -4/52      AC: 11    Str: 11    XL:     7   Next: 3%
Magic:  16/16      EV:  6    Int: 13    God:    Qazlal [**....]
Gold:   93         SH:  3    Dex: 15    Spells: 6/6 levels left

rFire    . . .     SeeInvis .   a - +1 spear
rCold    + . .     Gourm    .   (no shield)
rNeg     . . .     Faith    .   d - +1 chain mail {rC+}
rPois    .         Spirit   .   (no helmet)
rElec    .         Reflect  .   (no cloak)
rCorr    .         Harm     .   (no gloves)
MR       .....                  (no boots)
Stlth    ..........             (no amulet)
Regen    0.2/turn               j - ring of magical power
MPRegen  0.2/turn               (no ring)

@: no status effects
A: screaming 1, shaggy fur 1
a: Upheaval, Renounce Religion


You were on level 5 of the Dungeon.
You worshipped Qazlal.
Qazlal was pleased with you.
You were not hungry.

You visited 1 branch of the dungeon, and saw 5 of its levels.

You collected 93 gold pieces.

Inventory:

Hand Weapons
 a - a +1 spear (weapon)
Armour
 b - a +0 robe
 d - a +1 chain mail of cold resistance (worn)
 g - a +0 leather armour
 h - a +2 robe of magic resistance
 q - a +0 ring mail
Magical Staves
 p - an uncursed staff of earth
Jewellery
 j - a ring of magical power (left hand)
Scrolls
 e - 4 scrolls of remove curse
 k - 2 scrolls of identify
 m - a scroll of teleportation
 r - a scroll of recharging {unknown}
Potions
 i - a potion of brilliance
 n - a potion of curing {unknown}
Comestibles
 c - 5 bread rations
 f - 2 fruits
 l - 3 chunks of flesh
 o - 2 meat rations


   Skills:
 - Level 3.0 Fighting
 - Level 6.2 Polearms
 + Level 3.6 Armour
 - Level 3.0 Dodging
 - Level 2.0 Stealth


You had 6 spell levels left.
You didn't know any spells.

Dungeon Overview and Level Annotations

Branches:
Dungeon (5/15)
 Temple: D:4-7

Altars:
Elyvilon
Qazlal
Yredelemnul
Zin
The Shining One

Annotations:
D:4 Chaotic's ghost, novice VSFi


Innate Abilities, Weirdness & Mutations

You occasionally shout uncontrollably at your foes.
You are covered in fur. (AC +1)


Message History

The ogre is heavily wounded.
You hit the ogre but do no damage.
The ogre is heavily wounded.
The ogre barely misses you.
You hit the ogre but do no damage.
The ogre is heavily wounded.
You hit the ogre.
The ogre is heavily wounded.
The ogre hits you but does no damage.
You hit the ogre.
The ogre is heavily wounded.
The ogre hits you with a giant club!
* * * LOW HITPOINT WARNING * * *
You take 16 damage, and have 8/52 hp.
MASSIVE DAMAGE!!
You hit the ogre.
The ogre is severely wounded.
You hit the ogre but do no damage.
The ogre is severely wounded.
The ogre hits you with a giant club!
You die...

▒∙∙▒ ▒∙W▒
∙∙▒▒ ∙∙∙▒
▒∙∙▒ ▒∙∙▒
▒∙∙▒
▒∙▒▒▒▒∙∙▒
▒∙)∙@OW<▒
▒▒▒▒▒▒▒∙▒
▒∙▒ ▒∙▒
∙∙▒ ▒▒▒


You could see a phantom and an ogre.

Vanquished Creatures
  A sky beast (D:3)
  A hound (D:4)
  A bullfrog skeleton (D:4)
  Terence (D:3)
  Jessica (D:3)
  Natasha (twice) (D:3)
  A worker ant (D:4)
  2 adders
  2 worms
  2 dart slugs
  2 leopard geckos
  An orc (D:3)
  7 bats
  3 giant cockroaches
  6 goblins
  7 hobgoblins
  10 jackals
  5 quokkas
  3 ball pythons
  7 frilled lizards
  7 kobolds
  A leopard gecko skeleton (D:4)
  7 rats
80 creatures vanquished.

Notes
Turn   | Place    | Note
-------+----------+-------------------------------------------
     0 | D:1      | yesno the Human Monk began the quest for the Orb.
     0 | D:1      | Reached XP level 1. HP: 18/18 MP: 1/1
   152 | D:1      | Reached XP level 2. HP: 24/24 MP: 2/2
   787 | D:1      | Reached skill level 4 in Polearms
   787 | D:1      | Reached XP level 3. HP: 28/29 MP: 3/3
  1433 | D:2      | Reached XP level 4. HP: 32/35 MP: 4/4
  1443 | D:2      | Noticed an air elemental
  1445 | D:2      | Found a stormy altar of Qazlal.
  1446 | D:2      | Noticed an earth elemental
  1446 | D:2      | Noticed a water elemental
  1446 | D:2      | Noticed a fire elemental
  1459 | D:2      | Became a worshipper of Qazlal Stormbringer
  1459 | D:2      | Reached * piety under Qazlal
  1459 | D:2      | Reached ** piety under Qazlal
  2167 | D:3      | Found a glowing silver altar of Zin.
  2167 | D:3      | Noticed a sky beast
  2245 | D:3      | Killed a sky beast
  2245 | D:3      | Reached skill level 5 in Polearms
  2245 | D:3      | Reached XP level 5. HP: 12/41 MP: 5/5
  2251 | D:3      | Gained mutation: You are frail. (-10% HP) [mutagenic meat]
  2572 | D:3      | Noticed Terence
  2579 | D:3      | Lost mutation: You are frail. (-10% HP) [potion of mutation]
  2579 | D:3      | Gained mutation: You occasionally shout uncontrollably at your foes. [potion of mutation]
  2579 | D:3      | Gained mutation: You are covered in fur. (AC +1) [potion of mutation]
  2687 | D:4      | Reached skill level 6 in Polearms
  2729 | D:4      | Noticed Chaotic's ghost (novice VSFi)
  2738 | D:3      | Found a basalt altar of Yredelemnul.
  2747 | D:3      | Killed Terence
  2747 | D:3      | Reached XP level 6. HP: 27/47 MP: 6/6
  2850 | D:3      | Found a glowing golden altar of the Shining One.
  2928 | D:3      | Noticed Natasha
  2947 | D:3      | Noticed Jessica
  2951 | D:3      | Killed Natasha
  2951 | D:3      | Reached skill level 1 in Armour
  2955 | D:3      | Killed Jessica
  2971 | D:3      | Noticed Natasha
  2996 | D:3      | Killed Natasha
  3071 | D:3      | Upgraded the game from 0.21-a0-19-g210df22 to 0.21-a0-33-g8b44e26
  3218 | D:3      | Found a white marble altar of Elyvilon.
  3438 | D:4      | Noticed an ogre
  3557 | D:4      | Reached XP level 7. HP: 51/52 MP: 7/7
  3724 | D:5      | Entered Level 5 of the Dungeon
  3740 | D:5      | Slain by an ogre

Vault maps used:
D:1:      enne_arrival_octagon_isle
D:2:      nicolae_qazlal_style_of_elements
D:3:      nicolae_tso_swordbearing_angel, old_standard_altar,
          overflow_temple_1_default, lemuel_crystal_altar, hex_intersection,
          uniq_jessica, uniq_natasha, uniq_terence
D:5:      minmay_temple_entry_water_ring, first_bread, uniq_sigmund

Skill      XL: |  1  2  3  4  5  6 |
---------------+-------------------+-----
Polearms       | 4 5 6 |  6.2
Armour         | 3 |  3.6
Fighting       | |  3.0
Dodging        | |  3.0
Stealth        | |  2.0

Action                   |  1- 3 |  4- 6 |  7- 9 || total
-------------------------+-------+-------+-------++-------
Melee: Spear             |   135 |   236 |    28 ||   399
  Use: Scroll            |     2 |     6 |       ||     8
       Potion            |       |     8 |       ||     8
 Stab: Sleeping          |     7 |       |       ||     7
  Eat: Chunk             |     2 |     8 |       ||    10
Armor: Leather armour    |    16 |    22 |       ||    38
       Robe              |     1 |       |       ||     1
       Chain mail        |       |    37 |     3 ||    40
Dodge: Dodged            |    67 |    91 |     2 ||   160
Block: Other             |       |    15 |       ||    15
